← All builds
Geo / Armada / Economy first / OBSERVED BUILD

Blitz raid

Geo rushes a Vehicle Plant and pushes out Blitz tanks from 4:14, well before the usual T2 focus, fighting forward in the middle rather than sitting on defence, then transitions back into the normal Starlight/T2 economy.

Usually blows up the commander for T2 (68%)

#raid #rush · 64 distinct matches · 20 players · 5% of Armada Geo games · team won 51% of 65 · Recently observed

THE CATCH, AND WHAT COMES WITH IT
  • BlitzT1 vehicle raid from 4:14 · 6% of role by thenFrom the Vehicle Plant. Only 6% of Geo games have it by then; others who build it get it around 7:26
  • Vehicle PlantVehicle Plant in 100%15% of all Geo games by then
  • BlitzBlitz in 65%4% of all Geo games by then

Started with Blitz (98%), Rover (2%).

Where those units first fight, in 64 games with kill data: in the middle 81%, on their own side 17%.

Those units destroy a typical 1,308 metal of enemy units by 15:00.

Then transitions into Starlight (16% of army), Jaguar (12% of army), Platypus (9% of army).

HOW TO PLAY IT

Key timing: Vehicle Plant by 3:59, Blitz by 5:28

  1. Open triple mex and wind into Bot Lab as usual for Geo.
  2. Get the geo plant up on the normal Geo timing.
  3. Skip the T2 rush and pump Blitz from an early Vehicle Plant instead.
  4. Push Blitz out to raid and fight at middle ahead of the role norm.
  5. Transition back into the usual T2 push with Advanced Vehicle Plant and Starlight.

Phase by phase

TYPICAL OF ITS 64 GAMES · AGAINST STANDARD GEO
  1. 1
  2. 2
  3. 3
  4. 4
PLAY THE OPENING

Follow the example game's first 6:00 step by step: what to build now, what comes next, and where it goes. At 1× it keeps pace with your own game.

  1. 1

    Up to the Bot Lab

    Economy
    • Metal Extractor3Mex
    • Wind Turbine4Wind
    Order
    1. Bot LabBot Lab after 3 mex, 4 winddone ~1:13, middle half 1:11–1:18

    By 0:57 in all: 3 mex · 4 wind

    The example game in this phase · 3 steps
    1. Mex ×3
    2. Wind ×4for Beach sea
    3. Bot LabBot Labdone 1:20 · typical 1:13
  2. 2

    Bot Lab to T1 vehicle raid

    Economy
    • Metal Extractor1Mex
    • Wind Turbine1Wind
    • Energy Converter6Converter+2 vs standard
    Order
    1. Geothermal PowerplantGeo after 4 mex, 4 wind, 1 con turret
    2. Vehicle PlantVehicle Plant after 4 mex, 4 wind, 6 converter
    3. BlitzT1 vehicle raid after 4 mex, 4 wind, 6 converter
    Builders
    • Construction Turret3 Con turret
    • Lazarus5 Lazarus
    • Construction Bot1 Con bot
    • Construction Bot1 Con bot for allies
    • Lazarus1 Lazarus for allies

    Some games also: energy storage (34%)

    By 4:14 in all: 4 mex · 4 wind · 1 geo · 6 converter (standard 4) · 3 con turret

    The example game in this phase · 22 steps
    1. Windfor Beach sea
    2. LazarusLazarus
    3. Windfor Beach sea
    4. LazarusLazarus ×2
    5. Construction BotCon bot ×2
    6. Energy storage
    7. LazarusLazarus
    8. Mex
    9. Geothermal PowerplantGeodone 3:20 · typical 3:31
    10. CrossbowCrossbow
    11. Con turret
    12. Energy storage
    13. Converter
    14. Con turret
    15. Converter ×2
    16. Con turret
    17. Converter
    18. Con turret
    19. Converter ×5
    20. Vehicle PlantVehicle Plantdone 4:44 · typical 4:12
    21. Construction VehicleCon vehicle
    22. BlitzBlitzdone 4:53
  3. 3

    T1 vehicle raid to Advanced Vehicle Plant

    Economy
    • Energy Storage1Energy storage
    Order
    1. Advanced Geothermal PowerplantAdvanced Geothermal Powerplant after 4 mex, 6 converter, 6 con turretin 58% of games
    2. Advanced Vehicle PlantAdvanced Vehicle Plant after 5 wind, 8 converter, 6 con turretdone ~8:28, middle half 7:59–9:35
    Builders
    • Construction Turret3 Con turret
    • Construction Vehicle1 Con vehicle
    Army
    • Blitz11 Blitz +11 vs standard

    Some games also: converter (37%)

    The standard build makes here, this one skips: 4 wind · 8 converter

    By 7:53 in all: 4 mex · 4 wind (standard 11) · 1 geo · 1 Advanced Geothermal Powerplant · 6 converter (standard 12) · 2 energy storage

    The example game in this phase · 14 steps
    1. BlitzBlitz ×3
    2. Con turret
    3. BlitzBlitz
    4. Radar TowerRadar Tower
    5. Con turret
    6. Advanced Metal ExtractorT2 mex ×2done 5:54 · typical 5:45
    7. Radar TowerRadar Tower
    8. Advanced Metal ExtractorT2 mex
    9. SentrySentry ×2
    10. Advanced Metal ExtractorT2 mex
    11. SentrySentry
    12. Advanced Geothermal PowerplantAdvanced Geothermal Powerplantdone 7:21 · typical 7:39
    13. BeholderBeholder ×2
    14. Advanced Vehicle PlantAdvanced Vehicle Plantdone 8:01 · typical 8:28
  4. 4

    Advanced Vehicle Plant to 10:00

    Some games also: wind (45%) · converter (35%) · Starlight (35%) · con turret (31%)

    The standard build makes here, this one skips: 5 wind · 2 Starlight

    By 10:00 in all: 4 mex · 8 wind (standard 19) · 1 geo · 1 Advanced Geothermal Powerplant · 10 converter (standard 16) · 2 energy storage

    The example game in this phase · 101 steps
    1. BeholderBeholder
    2. UmbraJammer
    3. ProphetRadar vehicle
    4. Advanced Construction VehicleT2 con vehiclefor Suicide front
    5. Converter ×3
    6. StarlightStarlightdone 8:46
    7. Converter ×4
    8. StarlightStarlight
    9. Converter
    10. Con turret
    11. Converter
    12. Con turret ×2
    13. Converter
    14. Con turret
    15. StarlightStarlight
    16. Converter ×5
    17. StarlightStarlight
    18. Wind
    19. Converter
    20. JunoJuno
    21. StarlightStarlight
    22. Wind ×8
    23. JaguarJaguar
    24. Wind ×3
    25. JaguarJaguar
    26. Wind ×3
    27. JaguarJaguar
    28. Wind ×2
    29. Bot LabBot Labdone 11:33
    30. Wind
    31. JaguarJaguar
    32. Wind ×2
    33. Advanced Construction VehicleT2 con vehicle
    34. PawnPawn
    35. Wind ×2
    36. TickTick
    37. Wind ×2
    38. JaguarJaguar
    39. PawnPawn
    40. Wind ×2
    41. CitadelAnti-nukedone 13:18
    42. TickTick
    43. Wind ×3
    44. PawnPawn
    45. JaguarJaguar
    46. Wind
    47. TickTick
    48. Wind ×2
    49. PawnPawn
    50. Wind
    51. TickTick
    52. Wind
    53. PawnPawn
    54. Wind ×3
    55. ConsulConsul
    56. Wind
    57. PawnPawn
    58. Wind ×2
    59. PawnPawn
    60. Wind
    61. TracerTracer
    62. Wind
    63. PawnPawn
    64. Wind
    65. ConsulConsul
    66. PawnPawn
    67. Wind ×4
    68. ConsulConsul
    69. Wind
    70. TickTick
    71. Wind ×2
    72. PawnPawn
    73. Wind
    74. PawnPawn
    75. Wind
    76. PawnPawn
    77. Wind
    78. PawnPawn
    79. Wind
    80. Advanced Construction VehicleT2 con vehicle
    81. Wind ×2
    82. ParalyzerParalyzernot finished by 15:00
    83. PawnPawn
    84. Sneaky PeteSneaky Pete
    85. TickTick
    86. Wind
    87. PawnPawn
    88. Wind ×2
    89. PawnPawn
    90. Wind
    91. PawnPawn ×2
    92. Wind
    93. PawnPawn
    94. Wind
    95. TickTick
    96. PawnPawn ×2
    97. Metal storage
    98. PawnPawn
    99. Wind
    100. Metal storage
    101. PawnPawn

Counts are medians over the build's games: half of them build more, half fewer. The example game is mnt's (36 OS, 25/08/2026); pick another.

Team trades

IN AT LEAST 30% OF ITS GAMES

You hand over

  • Lazarus1 Lazarus to Beach sea or Frontfirst at 2:16 · in 71% of games
  • Construction Bot1 Con bot to Beach seafirst at 2:46 · in 82% of games
  • Advanced Construction Vehicle1 T2 con vehicle to Front or Suicide frontfirst at 9:00 · in 37% of games

You get

  • Advanced Construction Bot1 T2 con bot from Techfirst at 4:55 · in 89% of games

How it plays out

Typical game of this build against the role’s standard build, running totals by minute

  • This build
  • Standard geo

Metal produced

020k40k
0:005:0010:0015:00

metal

Enemy metal destroyed

05k10k15k
0:005:0010:0015:00

metal

Own metal lost

05k10k
0:005:0010:0015:00

metal

65 games.

Show as table
ByMetal produced: This buildMetal produced: Standard geoEnemy metal destroyed: This buildEnemy metal destroyed: Standard geoOwn metal lost: This buildOwn metal lost: Standard geo
1:003843330000
2:009198250000
3:00170115230000
4:00269327000000
5:00443737260000
6:006329572920002600
7:0083408130960011000
8:00111541145912470134021
9:0014059144891294511450130
10:00169651740518005651600280
11:001954520377292620742461790
12:0022115233054794394036871940
13:0024714260626039596146403304
14:0027950289886970832161674785
15:00301023149778321017277016196
WHAT THE NUMBERS SAY

Won less often than the standard build, trading better mid-game damage for a much heavier metal loss around 10:00.

  • + Enemy metal destroyed by 10:00 well up (1800 vs 624)
  • + Metal produced by 5:00 ahead (4436 vs 3718)
  • − Team win rate below standard (47% vs 53%)
  • − Own metal lost by 10:00 far higher (1595 vs 334)
THE EXAMPLE YOU ARE READING

mnt

36.2 OS · 25/08/2026

Open source match ↗

3 received units · includes a constructor
236 metal received · 195895 energy received

Allied construction assistance is unknown. Timings are observations, not a promise of solo reproducibility.

Typical milestones

Bot Lab1:13Middle 50%: 1:11–1:18 · n=61
Geothermal Powerplant3:31Middle 50%: 3:17–3:40 · n=64
Vehicle Plant4:12Middle 50%: 3:59–4:35 · n=65
Advanced Metal Extractor5:45Middle 50%: 5:25–6:21 · n=60
Advanced Geothermal Powerplant7:39Middle 50%: 7:22–8:00 · n=41
Advanced Vehicle Plant8:28Middle 50%: 7:59–9:35 · n=36

Played most by

Syphos32games of this build0neTw04games of this buildPlatinumBlonde4games of this buildUsurpeR4games of this buildCentientWaffle3games of this build